 Dungeon Sprint DCSS version 0.22-a0-136-g83a10e5898 (webtiles) character file.

73650 Denreik the Conqueror (level 15, -8/159 HPs)
             Began as a Formicid Fighter on Feb 2, 2018.
             Was the Champion of Cheibriados.
             Mangled by Antaeus (17 damage)
             ... in the Dungeon (Sprint IX: "|||||||||||||||||||||||||||||").
             The game lasted 00:57:38 (5136 turns).

Denreik the Conqueror (Formicid Fighter)            Turns: 5136, Time: 00:57:38

Health: -8/159     AC: 13    Str: 39    XL:     15   Next: 91%
Magic:  4/17       EV: 13    Int: 24    God:    Cheibriados [******]
Gold:   1388       SH: 29    Dex: 26    Spells: 11/14 levels left

rFire    . . .     SeeInvis +   a - +9 quarterstaff (drain)
rCold    + . .     Gourm    .   R - +1 large shield
rNeg     . . .     Faith    .   H - +9 ring mail of Pantheism {+Blink rC+ Str-4}
rPois    +         Spirit   .   (helmet unavailable)
rElec    .         Reflect  .   I - +1 cloak {rPois}
rCorr    .         Harm     .   Q - +0 pair of gloves {archery}
MR       +....     Clarity  +   S - +1 pair of boots
Stlth    +.........             (no amulet)
HPRegen  0.36/turn              t - +2 ring of protection
MPRegen  0.15/turn              u - +3 ring of strength

@: marked, frozen, corroded, very slow
A: permanent stasis, dig shafts and tunnels, four strong arms, antennae 3,
repulsion field 1, icy blue scales 2, clarity
a: Dig, Bend Time, Temporal Distortion, Slouch, Step From Time, Renounce
Religion


You were in the Dungeon.
You worshipped Cheibriados.
Cheibriados was exalted by your worship.
You were hungry.

You visited 1 branch You collected 1934 gold pieces.
You spent 546 gold pieces at shops.

Inventory:

Hand Weapons
 a - a +9 quarterstaff of draining (weapon)
 b - the +3 hand crossbow of Eluwaunym {penet, rElec rN+}
   (You found it in the Dungeon)

   Ammo fired by it will pass through the targets it hits, potentially hitting
   all targets in its path until it reaches maximum range.
   It insulates you from electricity.
   It protects you from negative energy.
 C - a cursed +0 hunting sling
 N - a +1 lajatang
 P - a +1 vampiric lajatang
 V - a +0 demon trident of electrocution
Missiles
 m - 3 stones (quivered)
 z - 7 poisoned tomahawks
 D - 30 sling bullets
 E - 19 tomahawks
 X - 31 bolts
Armour
 c - the +3 hat of Pondering {ponderous, MR+ MP+10 Int+5}
   (You took it off Gastronok in the Dungeon)

   It affects your intelligence (+5).
   It affects your resistance to hostile enchantments.
   It affects your magic capacity (+10).
 G - a +3 chain mail of fire resistance
 H - the +9 ring mail of Pantheism (worn) {+Blink rC+ Str-4}
   (You bought it in a shop in the Dungeon)

   It affects your strength (-4).
   It protects you from cold.
   It lets you blink.
 I - a +1 cloak of poison resistance (worn)
 J - a +3 troll leather armour {Snorg}
 Q - a +0 pair of gloves of archery (worn)
 R - a +1 large shield (worn)
 S - a +1 pair of boots (worn)
 T - +0 swamp dragon scales
 W - a +0 shield of reflection
 Y - +0 fire dragon scales
Magical Staves
 q - an uncursed staff of energy
Jewellery
 t - a +2 ring of protection (left hand)
 u - a +3 ring of strength (right hand)
 K - an uncursed ring of protection from fire
 L - an uncursed ring of fire
 M - an uncursed ring of ice
Wands
 p - a wand of acid (10)
 F - a wand of iceblast (10)
Scrolls
 k - 3 scrolls of blinking
 n - 2 scrolls of remove curse
 o - 2 scrolls of amnesia
 s - 2 scrolls of fog
 y - a scroll of fear
 A - a scroll of immolation
 B - 2 scrolls of enchant armour
 O - a scroll of enchant weapon
Potions
 d - 2 potions of might
 e - 6 potions of curing
 h - a potion of haste
 i - 5 potions of magic
 j - 2 potions of berserk rage
 l - a potion of invisibility
 r - a potion of mutation
 v - a potion of brilliance
 w - a potion of lignification
 U - a potion of resistance {unknown}
Books
 x - a book of Misfortune

   Spells                             Type                      Level
   a - Confusing Touch                Hexes                        1
   b - Confuse                        Hexes                        3
   c - Gell's Gravitas                Translocation                3
   d - Petrify                        Transmutation/Earth          4
   e - Metabolic Englaciation         Hexes/Ice                    5
   f - Yara's Violent Unravelling     Hexes/Transmutation          5
Comestibles
 f - 11 rations
 Z - 6 chunks of flesh


   Skills:
 O Level 27 Fighting
 * Level 23.0 Staves
 - Level 15.2 Armour
 - Level 21.0 Shields
 - Level 3.1 Invocations


You had 11 spell levels left.
You knew the following spells:

 Your Spells              Type           Power        Failure   Level  Hunger
a - Confuse               Hex            #.......     45%         3    ####...


Dungeon Overview and Level Annotations

Branches:
Dungeon (1/1)

Altars:
Cheibriados
Dithmenos
Elyvilon
Fedhas
Gozag
Hepliaklqana
Kikubaaqudgha
Makhleb
Nemelex Xobeh
Okawaru
Qazlal
Ru
Sif Muna
Trog
Uskayaw
Vehumet
Wu Jian
Xom
Yredelemnul
Zin
The Shining One
Beogh
Jiyva
Lugonu

Shops:
D %*[*

Annotations:
D Antaeus


Innate Abilities, Weirdness & Mutations

You cannot be hasted, slowed, berserked, paralysed or teleported.
You can dig through walls and to a lower floor.
Your four strong arms can wield two-handed weapons with a shield.
You have a pair of large antennae on your head. (SInv)
You are surrounded by a mild repulsion field. (EV +2)
You are mostly covered in icy blue scales. (AC +3)
You possess an exceptional clarity of mind.


Message History

You hit Antaeus but do no damage.
Antaeus is lightly wounded.
The ice encasing you melts away.
You hit Antaeus but do no damage.
Antaeus is lightly wounded.
Antaeus gestures at you. The bolt of lightning hits you!
You bludgeon Antaeus!!
Antaeus is lightly wounded.
You hit Antaeus but do no damage.
Antaeus is lightly wounded.
The entropy weaver gestures wildly while chanting.
The entropic weave corrodes you! Antaeus gestures at you.
The flash freeze hits you! You partially resist.
You are encased in ice.
You feel much better. Antaeus hits you!!!
* * * LOW HITPOINT WARNING * * *
Antaeus freezes you! You resist.
You die...

{▓.▓.▓.▓.▓.▓∩▓.▓.
▓.▓.▓.▓.▓)▓.▓)▓.▓.
▓.▓.▓)▓.▓(▓.▓∩▓.▓.
{▓N▓.▓.▓.▓(▓.▓)▓.▓.
▓p▓.▓.▓.▓)▓.▓∩▓.▓.
▓C▓.▓)▓.▓(▓)▓.▓.▓.
▓a▓%▓)▓.▓)▓.▓∩▓.▓.
▓C▓.▓'▓.▓)▓.▓.▓.▓.
{
{▓@▓.♣.♣.▓(▓.▓)▓.▓.
▓)▓.♣.♣.▓[▓.▓)▓.▓.
▓)▓.♣.♣.▓'▓.▓.▓.▓÷
▓)▓.♣.♣.▓.▓.▓)▓.▓†
▓)▓.♣.♣.▓.▓.▓)▓.▓†
▓)▓.♣.♣.▓.▓.▓.▓.▓.
▓)▓.♣.♣.▓.▓.▓.▓.▓.
▓(▓.♣)♣.▓.▓.▓)▓.▓.
▓+▓.♣.♣.▓.▓.▓)▓.▓.


You could see Antaeus, a frost giant, a naga warrior, an entropy weaver and an
ironbrand convoker.

Vanquished Creatures
  Saint Roka (D)
  A quicksilver dragon (D)
  Gastronok (D)
  A sphinx (D)
  Donald (D)
  A thorn hunter (D)
  A nagaraja (D)
  A vault warden (D)
  3 ironheart preservers (D)
  A frost giant (D)
  A very ugly thing (D)
  5 stone giants (D)
  Azrael (D)
  2 dire elephants (D)
  A spark wasp (D)
  Snorg (D)
  A merfolk impaler (D)
  2 yaktaur captains (D)
  An ice dragon (D)
  2 fire dragons (D)
  A great orb of eyes (D)
  Erolcha (D)
  A hydra (D)
  An alligator snapping turtle (D)
  Erica (D)
  A merfolk avatar (D)
  5 centaur warriors (D)
  An alligator (D)
  7 ogre magi (D)
  A tengu warrior (D)
  6 two-headed ogres (D)
  A deep elf knight (D)
  A shock serpent (D)
  A sea snake (D)
  A glowing orange brain (D)
  A spriggan druid (D)
  A swamp dragon (D)
  3 necromancers (D)
  An orb spider (D)
  2 orc knights (D)
  5 wolf spiders (D)
  A salamander (D)
  2 cyclopes (D)
  2 ugly things (D)
  6 elephants (D)
  A black mamba (D)
  Joseph (D)
  A moth of wrath (D)
  2 vault sentinels (D)
  2 water nymphs (D)
  2 naga magi (D)
  3 spiny frogs (D)
  A yaktaur (D)
  2 komodo dragons (D)
  2 merfolk (D)
  A meliai (shapeshifter) (D)
  A polar bear (shapeshifter) (D)
  2 tengu conjurers (D)
  2 tyrant leeches (D)
  2 jumping spiders (D)
  2 hornets (D)
  2 hippogriffs (D)
  A snapping turtle (D)
  A bog body (D)
  Eustachio (D)
  A tarantella (shapeshifter) (D)
  2 fire elementals (D)
  A warg (D)
  2 nagas (D)
  2 hell hounds (D)
  A soldier ant (shapeshifter) (D)
  2 water moccasins (D)
  4 porcupines (D)
  14 orc warriors (D)
  An ice beast (D)
  A phantom (D)
  A wolf (D)
  3 ogres (D)
  A centaur (D)
  2 crocodiles (D)
  A big kobold (D)
  4 bullfrogs (D)
  A killer bee (D)
  2 crimson imps (D)
  A hound (D)
  5 orc priests (D)
  3 orc wizards (D)
  An iguana (D)
  A worker ant (D)
  2 adders (D)
  2 shadow imps (D)
  8 orcs (D)
  A bat skeleton (D)
  A bat zombie (D)
  2 giant cockroaches (D)
  A kobold (D)
  2 rats (D)
191 creatures vanquished.

Vanquished Creatures (others)
  A vampire mage (D)
  A guardian serpent (D)
2 creatures vanquished.

Grand Total: 193 creatures vanquished

Notes
Turn   | Place    | Note
-------+----------+-------------------------------------------
     0 | D        | Denreik the Formicid Fighter began the quest for the Orb.
     0 | D        | Reached XP level 1. HP: 18/18 MP: 1/1
     5 | D        | Reached skill level 4 in Fighting
    10 | D        | Reached skill level 5 in Fighting
    29 | D        | Noticed a hound
    29 | D        | Noticed an ice beast
    29 | D        | Noticed a centaur
    29 | D        | Noticed an iguana
    30 | D        | Reached skill level 6 in Fighting
    30 | D        | Reached XP level 2. HP: 28/28 MP: 2/2
    32 | D        | Reached skill level 7 in Fighting
    32 | D        | Reached XP level 3. HP: 37/37 MP: 3/3
    36 | D        | Killed a centaur
    36 | D        | Reached skill level 10 in Fighting
    36 | D        | Reached XP level 4. HP: 42/49 MP: 4/4
    36 | D        | Reached XP level 5. HP: 46/54 MP: 5/5
    46 | D        | HP: 2/54 [ice beast (13)]
    49 | D        | Killed an ice beast
    49 | D        | Reached XP level 6. HP: 3/61 MP: 6/6
    53 | D        | HP: 2/61 [hound (2)]
   351 | D        | Found a roughly hewn altar of Beogh.
   351 | D        | Found a snail-covered altar of Cheibriados.
   351 | D        | Found a shadowy altar of Dithmenos.
   351 | D        | Found a white marble altar of Elyvilon.
   351 | D        | Found a blossoming altar of Fedhas.
   351 | D        | Found an opulent altar of Gozag.
   352 | D        | Found a hazy altar of Hepliaklqana.
   353 | D        | Found a viscous altar of Jiyva.
   354 | D        | Found an ancient bone altar of Kikubaaqudgha.
   355 | D        | Became a worshipper of Cheibriados the Contemplative
   356 | D        | Found a corrupted altar of Lugonu.
   357 | D        | Found a burning altar of Makhleb.
   358 | D        | Found a sparkling altar of Nemelex Xobeh.
   359 | D        | Found an iron altar of Okawaru.
   360 | D        | Found a stormy altar of Qazlal.
   361 | D        | Found a sacrificial altar of Ru.
   362 | D        | Found a deep blue altar of Sif Muna.
   363 | D        | Found a bloodstained altar of Trog.
   364 | D        | Found a hide-covered altar of Uskayaw.
   365 | D        | Found a radiant altar of Vehumet.
   366 | D        | Found an ornate altar of the Wu Jian Council.
   367 | D        | Found a shimmering altar of Xom.
   368 | D        | Found a basalt altar of Yredelemnul.
   369 | D        | Found a glowing silver altar of Zin.
   370 | D        | Found a glowing golden altar of the Shining One.
   418 | D        | Noticed a hippogriff
   418 | D        | Noticed a phantom
   431 | D        | Killed a phantom
   431 | D        | Reached * piety under Cheibriados
   431 | D        | Reached skill level 11 in Fighting
   431 | D        | Reached skill level 10 in Shields
   440 | D        | Killed a hippogriff
   440 | D        | Reached skill level 12 in Fighting
   440 | D        | Reached XP level 7. HP: 37/71 MP: 7/7
   442 | D        | Reached ** piety under Cheibriados
   442 | D        | Reached skill level 13 in Fighting
   597 | D        | Noticed a polar bear
   597 | D        | Noticed a centaur warrior
   598 | D        | Reached *** piety under Cheibriados
   613 | D        | Killed a centaur warrior
   613 | D        | Reached skill level 14 in Fighting
   613 | D        | Reached XP level 8. HP: 68/82 MP: 8/8
   619 | D        | Killed a polar bear
   619 | D        | Reached **** piety under Cheibriados
   619 | D        | Reached XP level 9. HP: 75/88 MP: 9/9
   624 | D        | Reached skill level 15 in Fighting
   778 | D        | Learned a level 3 spell: Confuse
   778 | D        | Noticed a spiny frog
   783 | D        | Reached ***** piety under Cheibriados
   786 | D        | Killed a spiny frog
   786 | D        | Reached skill level 10 in Staves
   788 | D        | Noticed a spiny frog
   791 | D        | Noticed a komodo dragon
   797 | D        | Reached ****** piety under Cheibriados
   803 | D        | Killed a spiny frog
   808 | D        | Killed a komodo dragon
   808 | D        | Reached XP level 10. HP: 58/98 MP: 10/10
   832 | D        | Noticed a komodo dragon
   833 | D        | Reached skill level 16 in Fighting
   851 | D        | Killed a komodo dragon
   999 | D        | Noticed a dire elephant
   999 | D        | Noticed an elephant
   999 | D        | Noticed an elephant
   999 | D        | Noticed an elephant
   999 | D        | Noticed an elephant
   999 | D        | Noticed an elephant
  1003 | D        | Noticed a dire elephant
  1020 | D        | Killed an elephant
  1021 | D        | Killed an elephant
  1021 | D        | Reached skill level 15 in Staves
  1022 | D        | Noticed an elephant
  1032 | D        | Killed an elephant
  1048 | D        | Killed a dire elephant
  1048 | D        | Reached XP level 11. HP: 64/106 MP: 11/11
  1050 | D        | Killed a dire elephant
  1050 | D        | Reached skill level 17 in Fighting
  1055 | D        | Killed an elephant
  1058 | D        | Killed an elephant
  1059 | D        | Killed an elephant
  1059 | D        | Reached skill level 18 in Fighting
  1184 | D        | Noticed Erolcha
  1192 | D        | Killed Erolcha
  1226 | D        | Noticed Joseph
  1234 | D        | Killed Joseph
  1334 | D        | Noticed an orc knight
  1353 | D        | Killed an orc knight
  1580 | D        | Reached skill level 19 in Fighting
  1582 | D        | Reached skill level 1 in Invocations
  1887 | D        | Found Noadei's General Store.
  1887 | D        | Noticed an ogre mage
  1887 | D        | Noticed a two-headed ogre
  1887 | D        | Noticed an ogre mage
  1887 | D        | Noticed a two-headed ogre
  1891 | D        | Noticed a two-headed ogre
  1893 | D        | Killed a two-headed ogre
  1893 | D        | Reached XP level 12. HP: 119/119 MP: 14/14
  1895 | D        | Killed an ogre mage
  1895 | D        | Reached skill level 5 in Armour
  1898 | D        | Killed a two-headed ogre
  1905 | D        | Killed a two-headed ogre
  1906 | D        | Found Qoigod's Antique Armour Shop.
  1910 | D        | Found Gofetuc's Assorted Antiques.
  1916 | D        | Killed an ogre mage
  1917 | D        | Noticed an ogre mage
  1918 | D        | Found Eddaklig's Food Shop.
  1919 | D        | Noticed a two-headed ogre
  1920 | D        | Noticed a two-headed ogre
  1921 | D        | Noticed an ogre mage
  1924 | D        | Killed a two-headed ogre
  1928 | D        | Killed a two-headed ogre
  1930 | D        | Noticed an ogre mage
  1931 | D        | Killed an ogre mage
  1931 | D        | Reached skill level 10 in Armour
  1933 | D        | Killed an ogre mage
  1942 | D        | Killed an ogre mage
  2050 | D        | Bought a pair of gloves for 117 gold pieces
  2050 | D        | Bought a scorched ring mail for 234 gold pieces
  2050 | D        | Bought a glowing cloak for 195 gold pieces
  2075 | D        | Identified the +9 ring mail of Pantheism {+Blink rC+ Str-4} (You bought it in a shop in the Dungeon)
  2114 | D        | Noticed Eustachio
  2122 | D        | Killed Eustachio
  2135 | D        | Noticed Erica
  2145 | D        | Killed Erica
  2203 | D        | Got the cursed +3 hand crossbow of Eluwaunym {penet, rElec rN+}
  2280 | D        | Gained mutation: You occasionally shout uncontrollably at your foes. [potion of mutation]
  2280 | D        | Gained mutation: Your magical capacity is low. (-10% MP) [potion of mutation]
  2280 | D        | Gained mutation: You are surrounded by a mild repulsion field. (EV +2) [potion of mutation]
  2281 | D        | Noticed a two-headed ogre
  2281 | D        | Noticed an ogre mage
  2287 | D        | Killed an ogre mage
  2289 | D        | Noticed a stone giant
  2309 | D        | Killed a stone giant
  2309 | D        | Reached XP level 13. HP: 102/125 MP: 8/13
  2314 | D        | Noticed a stone giant
  2318 | D        | Reached skill level 15 in Shields
  2320 | D        | Noticed a centaur warrior
  2336 | D        | Killed a stone giant
  2337 | D        | Noticed a stone giant
  2353 | D        | Reached skill level 20 in Fighting
  2359 | D        | HP: 5/127 [stone giant (13)]
  2368 | D        | Killed a stone giant
  2373 | D        | Killed a centaur warrior
  2659 | D        | Reached skill level 21 in Fighting
  2661 | D        | Noticed Saint Roka
  2687 | D        | Killed Saint Roka
  2687 | D        | Reached skill level 22 in Fighting
  2956 | D        | Noticed Snorg
  2966 | D        | Killed Snorg
  2998 | D        | Noticed a nagaraja
  3006 | D        | Reached skill level 23 in Fighting
  3021 | D        | Killed a nagaraja
  3021 | D        | Reached XP level 14. HP: 89/144 MP: 14/14
  3196 | D        | Noticed a spark wasp
  3198 | D        | Reached skill level 24 in Fighting
  3209 | D        | Killed a spark wasp
  3453 | D        | Noticed a thorn hunter
  3464 | D        | Reached skill level 25 in Fighting
  3491 | D        | Killed a thorn hunter
  3499 | D        | Reached skill level 26 in Fighting
  3800 | D        | Reached skill level 27 in Fighting
  4049 | D        | Noticed Donald
  4054 | D        | Killed Donald
  4057 | D        | Noticed Azrael
  4076 | D        | Killed Azrael
  4271 | D        | Noticed Gastronok
  4289 | D        | Killed Gastronok
  4327 | D        | Noticed a quicksilver dragon
  4341 | D        | Noticed a purple very ugly thing
  4357 | D        | Reached XP level 15. HP: 144/159 MP: 8/15
  4372 | D        | Killed a quicksilver dragon
  4377 | D        | Killed a purple very ugly thing
  4394 | D        | Noticed a frost giant
  4422 | D        | HP: 4/159 [frost giant/bolt of cold (6)]
  4423 | D        | Killed a frost giant
  4867 | D        | Noticed a stone giant
  4906 | D        | Noticed a stone giant
  4908 | D        | Killed a stone giant
  4922 | D        | Killed a stone giant
  4922 | D        | Reached skill level 15 in Armour
  5050 | D        | Lost mutation: Your magical capacity is low. (-10% MP) [potion of mutation]
  5050 | D        | Lost mutation: You occasionally shout uncontrollably at your foes. [potion of mutation]
  5050 | D        | Gained mutation: You are partially covered in icy blue scales. (AC +2) [potion of mutation]
  5050 | D        | Gained mutation: You are mostly covered in icy blue scales. (AC +3) [potion of mutation]
  5050 | D        | Gained mutation: You possess an exceptional clarity of mind. [potion of mutation]
  5052 | D        | Noticed an ironheart preserver
  5052 | D        | Noticed a vault warden
  5052 | D        | Noticed an ironheart preserver
  5070 | D        | Killed an ironheart preserver
  5072 | D        | Killed a vault warden
  5073 | D        | Killed an ironheart preserver
  5074 | D        | Noticed an ironheart preserver
  5079 | D        | Noticed a sphinx
  5088 | D        | Killed an ironheart preserver
  5098 | D        | Killed a sphinx
  5117 | D        | Noticed Antaeus
  5117 | D        | Noticed a frost giant
  5136 | D        | Mangled by Antaeus

Vault maps used:
D:        linesprint

Skill      XL: |  1  2  3  4  5  6  7  8  9 10 11 12 13 14 15 |
---------------+----------------------------------------------+-----
Fighting       | 6 7 10 12 14 15 16 19 23 27 | 27.0
Shields        | 9 11 12 14 15 18 21 | 21.0
Staves         | 7 8 12 16 18 20 23 | 23.0
Invocations    | 3 |  3.1
Armour         | 4 12 15 | 15.2

Action                   |  1- 3 |  4- 6 |  7- 9 | 10-12 | 13-15 || total
-------------------------+-------+-------+-------+-------+-------++-------
Melee: Quarterstaff      |    12 |    39 |    63 |   232 |   380 ||   726
 Fire: Hand crossbow     |       |       |       |       |     9 ||     9
Invok: Bend Time         |       |       |       |     3 |     4 ||     7
       Slouch            |       |       |       |     2 |    20 ||    22
  Use: Potion            |       |       |       |     1 |    11 ||    12
       Scroll            |       |       |       |     1 |     6 ||     7
 Stab: Distracted        |       |       |       |       |     1 ||     1
  Eat: Chunk             |       |       |       |     2 |     7 ||     9
Armor: Scale mail        |     3 |     5 |       |       |       ||     8
       Chain mail        |       |    22 |    15 |    28 |       ||    65
       Ring mail         |       |       |       |     4 |    71 ||    75
Dodge: Dodged            |     3 |    13 |    12 |    34 |    78 ||   140
Block: Shield            |     6 |    43 |    38 |   106 |       ||   193
       Large shield      |       |       |       |    12 |   283 ||   295

Table legend:
 A = Spawn XP
 B = Non-spawn XP
 C = Spawn XP percentage of total XP
 D = Spawn monster count
 E = Non-spawn monster count
 F = Spawn count percentage of total count
 G = Total turns spent on level
                    A         B        C        D         E        F      G
               +---------+---------+-------+---------+---------+-------+---------
         Total |       0 |  105215 |   0.0 |       0 |     193 |   0.0 |  5136
               +---------+---------+-------+---------+---------+-------+---------
             D |       0 |  105215 |   0.0 |       0 |     193 |   0.0 |  5136
               +---------+---------+-------+---------+---------+-------+---------
